 Dungeon Crawl Stone Soup version 0.19.0-22-gd96e5fe (webtiles) character file.

94 Monsterracer the Chopper (level 4, -2/39 HPs)
             Began as a Minotaur Monk on Nov 18, 2016.
             Killed by nerve-wracking pain
             ... invoked by Grinder
              (14 damage)
             ... on level 3 of the Dungeon.
             The game lasted 00:05:35 (2079 turns).

Monsterracer the Chopper (Minotaur Monk)            Turns: 2079, Time: 00:05:36

Health: -2/39      AC:  2    Str: 16    XL:     4   Next: 38%
Magic:  3/3        EV: 13    Int:  7    God:
Gold:   134        SH:  0    Dex: 13    Spells: 0 memorised, 3 levels left

rFire  . . .     SeeInvis .     a - +0 hand axe
rCold  . . .     Gourm    .     b - +0 robe
rNeg   . . .     Faith    .     (no shield)
rPois  .         Spirit   .     (helmet restricted)
rElec  .         Reflect  .     (no cloak)
rCorr  .         Harm     .     (no gloves)
MR     .....                    (no boots)
Stlth  ++........               (no amulet)
                                (no ring)
                                (no ring)

@: no status effects
A: retaliatory headbutt, horns 2
a: no special abilities


You were on level 3 of the Dungeon.
You were hungry.

You visited 1 branch of the dungeon, and saw 3 of its levels.

You collected 134 gold pieces.

Inventory:

Hand Weapons
 a - a +0 hand axe (weapon)
Armour
 b - a +0 robe (worn)
Scrolls
 d - 2 scrolls of fog {unknown}
 e - 2 scrolls of identify {unknown}
 g - 2 scrolls of fear {unknown}
 i - a scroll of amnesia {unknown}
Comestibles
 c - 2 bread rations
 f - 2 meat rations


   Skills:
 - Level 3.6 Fighting
 + Level 6.3 Axes
 - Level 3.2 Dodging
 - Level 1.5 Stealth


You had 3 spell levels left.
You didn't know any spells.

Dungeon Overview and Level Annotations

Branches:
Dungeon (3/15)

Altars:
Dithmenos
Elyvilon
Kikubaaqudgha
Sif Muna
Vehumet

Annotations:
D:3 1 runed door, Grinder


Innate Abilities, Weirdness & Mutations

You reflexively headbutt those who attack you in melee.
You have a pair of horns on your head.


Message History

You closely miss Grinder.
Grinder is moderately wounded.
Grinder barely misses you.
You hit Grinder.
Grinder is moderately wounded.
Grinder gestures at you. Pain shoots through your body!
You hit Grinder.
Grinder is heavily wounded.
Grinder gestures at you. Pain shoots through your body!
You hit Grinder.
Grinder is heavily wounded.
Grinder says, "DUCK!"
Grinder barely misses you.
You hit Grinder. You headbutt Grinder, but do no damage.
Grinder is severely wounded.
Grinder gestures at you. Pain shoots through your body!
You die...

.##.##.###..............
.......#####.###...#####
###.##....>..# #........
# #.########## #<..####.
#.# #††.# ###.# #...#
....# ##...## #####
#.(...###. #.@.......
#.5.#.##.. .......# #
...#..##... .....#..#
.##.# .... #... # . ....
##.. ... ...


You could see Grinder.

Vanquished Creatures
  3 adders
  2 worms (D:2)
  2 dart slugs (D:1)
  3 leopard geckos
  A ball python (D:1)
  5 giant cockroaches
  10 goblins
  2 hobgoblins (D:1)
  2 jackals (D:2)
  A quokka (D:2)
  8 bats
  3 frilled lizards
  5 kobolds
  8 rats
55 creatures vanquished.

Notes
Turn   | Place    | Note
-------+----------+-------------------------------------------
     0 | D:1      | Monsterracer the Minotaur Monk began the quest for the Orb.
     0 | D:1      | Reached XP level 1. HP: 19/19 MP: 0/0
    21 | D:1      | Reached skill level 4 in Axes
   101 | D:1      | Reached XP level 2. HP: 19/26 MP: 1/1
   409 | D:1      | Reached skill level 5 in Axes
   485 | D:1      | Reached XP level 3. HP: 27/31 MP: 2/2
   947 | D:2      | Found a white marble altar of Elyvilon.
  1509 | D:2      | Found a shadowy altar of Dithmenos.
  1551 | D:2      | Found an ancient bone altar of Kikubaaqudgha.
  1552 | D:2      | Found a deep blue altar of Sif Muna.
  1555 | D:2      | Found a radiant altar of Vehumet.
  1557 | D:2      | Identified Kikubaaqudgha's Catalogue of Evil
  1692 | D:2      | Reached XP level 4. HP: 39/39 MP: 3/3
  1728 | D:2      | Reached skill level 6 in Axes
  1928 | D:3      | Found a runed door.
  2050 | D:3      | Noticed Grinder
  2079 | D:3      | Killed from afar by Grinder

Skill      XL: |  1  2  3  4 |
---------------+-------------+-----
Axes           | 4 5 6 |  6.3
Fighting       | |  3.6
Dodging        | |  3.2
Stealth        | |  1.5

Action                   |  1- 3 |  4- 6 || total
-------------------------+-------+-------++-------
Melee: Hand axe          |    88 |    33 ||   121
       Headbutt          |     8 |     6 ||    14
  Use: Potion            |     2 |     1 ||     3
 Stab: Sleeping          |     4 |       ||     4
  Eat: Chunk             |     2 |     1 ||     3
Armor: Robe              |     9 |     2 ||    11
Dodge: Dodged            |    71 |    24 ||    95
